 Dungeon Crawl Stone Soup version 0.27.1 (webtiles) character file.

Game seed: 2566543218841325582

15 nxtlvl the Ruffian (level 2, -1/29 HPs)
             Began as a Troll Abyssal Knight on Sept 4, 2021.
             Was a Follower of Lugonu.
             Slain by an iguana (10 damage)
             ... on level 4 of the Dungeon.
             The game lasted 00:01:46 (297 turns).

nxtlvl the Ruffian (Troll Abyssal Knight)            Turns: 297, Time: 00:01:47

Health: -1/29      AC:  4    Str: 19    XL:     2   Next: 34%
Magic:  2/2        EV:  9    Int:  8    God:    Lugonu [*.....]
Gold:   54         SH:  0    Dex:  9    Spells: 1/1 levels left

rFire    . . .     SeeInvis .     - Unarmed
rCold    . . .     Faith    .   (no shield)
rNeg     . . .     Spirit   .   a - +0 robe
rPois    .         Reflect  .   (helmet restricted)
rElec    .         Harm     .   (no cloak)
rCorr    .         Rampage  .   (gloves unavailable)
Will     +....                  (boots unavailable)
Stlth    +.........             (no amulet)
HPRegen  1.09/turn              d - ring of willpower
MPRegen  0.08/turn              n - ring of flight

@: flying
A: large, unfitting armour, claws 3, regeneration 1, shaggy fur 1, tough skin 1
a: Renounce Religion, Depart the Abyss


You were on level 4 of the Dungeon.
You worshipped Lugonu.
Lugonu was aware of your devotion.
You visited 1 branch of the dungeon, and saw 4 of its levels.
You visited the Abyss 1 time.

You collected 54 gold pieces.

Inventory:

Missiles
 c - 26 sling bullets
 e - 14 poisoned darts
 k - a throwing net
Armour
 a - a +0 robe (worn)
Jewellery
 d - a ring of willpower (left claw)
 n - a ring of flight (right claw)
Scrolls
 b - a scroll of fog {unknown}
 g - a scroll of teleportation {unknown}
 j - a scroll of enchant armour {unknown}
 l - a scroll of identify {unknown}
Potions
 f - a potion of haste {unknown}
 h - a potion of berserk rage {unknown}
 i - a potion of might {unknown}
 m - a potion of brilliance {unknown}


   Skills:
 - Level 2.4 Fighting
 - Level 1.9 Dodging
 * Level 3.0 Unarmed Combat
 - Level 1.5 Invocations


You had one spell level left.
You didn't know any spells.
Your spell library was empty.

Dungeon Overview and Level Annotations

Branches:
Dungeon (4/15)
 Temple: D:4-7

Altars:


Innate Abilities, Weirdness & Mutations

You are too large for most types of armour.
You have claws for hands.
Your natural rate of healing is unusually fast.
You are covered in fur. (AC +1)
You have tough skin. (AC +1)


Message History

n - a ring of flight (right claw)
There is a stone staircase leading down, spattered with blood here.
You fly downwards.
There is a stone staircase leading up here.
An iguana comes into view.
You scratch the iguana.
The iguana is lightly wounded.
The iguana closely misses you.
You barely miss the iguana.
The iguana is lightly wounded.
The iguana bites you but does no damage.
You closely miss the iguana.
The iguana is lightly wounded.
The iguana hisses menacingly.
The iguana bites you!
You claw the iguana!
The iguana is heavily wounded.
The iguana bites you.
You barely miss the iguana.
The iguana is heavily wounded.
The iguana bites you!
* * * LOW HITPOINT WARNING * * *
You scratch the iguana but do no damage.
The iguana is heavily wounded.
The iguana closely misses you.
You scratch the iguana.
The iguana is severely wounded.
The iguana hisses menacingly.
The iguana barely misses you.
You scratch the iguana but do no damage.
The iguana is severely wounded.
The iguana bites you but does no damage.
You barely miss the iguana.
The iguana is severely wounded.
The iguana hisses menacingly.
The iguana barely misses you.
You closely miss the iguana.
The iguana is severely wounded.
The iguana bites you!
You die...

....###### #.........
#.#....... #.#.......
#.#....... #.#.......
##########.#.......
##.###..........#.#.....
......l@................
...###.##########.......
#. ######## #. .. ##


You could see an iguana.

Vanquished Creatures
  A dart slug (D:3)
  An orc (D:3)
  A bat (D:3)
  2 endoplasms
  A giant cockroach (D:3)
  A goblin (D:3)
  A kobold (D:3)
  A quokka (D:1)
  A frilled lizard (D:3)
10 creatures vanquished.

Notes
Turn   | Place    | Note
-------+----------+-------------------------------------------
     0 | Abyss:1  | nxtlvl the Troll Abyssal Knight began the quest for the
                  | Orb.
     0 | Abyss:1  | Reached XP level 1. HP: 22/22 MP: 1/1
    37 | D:1      | Escaped the Abyss
   156 | D:3      | Reached XP level 2. HP: 21/29 MP: 2/2
   247 | D:3      | Reached skill level 3 in Unarmed Combat
   297 | D:4      | Slain by an iguana

Illustrated notes

Levels and vault maps discovered:
D:1:      amcnicky_arrival_double_pillar, layout_basic
D:2:      layout_loops_cross, shapermc_ecumenical_altar_mp_urbaneastern,
          basic_altar, minmay_pentomino_z2, uniq_jessica
D:3:      layout_rooms, chequers_serial_rivers_large_a, uniq_terence,
          uniq_purgy, uniq_grinder
D:4:      layout_basic, nicolae_overflow_hidden_temple

Skill      XL: |  1  2 |
---------------+-------+-----
Unarmed Combat | 3 |  3.0
Fighting       | |  2.4
Dodging        | |  1.9
Invocations    | |  1.5

Action                   || total
-------------------------++-------
Melee: Unarmed           ||    48
       Punch             ||     1
Armor: Robe              ||    15
Dodge: Dodged            ||    18
